 Dungeon Crawl Stone Soup version 0.27-a0-972-gd1521fd518 (webtiles) character file.

Game seed: 11498998082431661896

430 siradein the Twirler (level 6, -2/43 (44) HPs)
             Began as a Demonspawn Gladiator on Apr 13, 2021.
             Slain by a gnoll
             ... wielding a +1 flail of draining
              (6 damage)
             ... on level 5 of the Dungeon.
             The game lasted 00:11:45 (5598 turns).

siradein the Twirler (Demonspawn Gladiator)         Turns: 5598, Time: 00:11:46

HP:   -2/43 (44)    AC:  8    Str: 15    XL:     6   Next: 66%
MP:   6/6           EV: 12    Int: 10    God:
Gold: 130           SH:  0    Dex: 15    Spells: 5/5 levels left

rFire    . . .     SeeInvis .   a - +0 quarterstaff
rCold    + . .     Faith    .   (shield currently unavailable)
rNeg     . . .     Spirit   .   n - +3 leather armour
rPois    .         Reflect  .   (helmet unavailable)
rElec    .         Harm     .   (no cloak)
rCorr    .         Rampage  .   (no gloves)
Will     .....                  (no boots)
Stlth    +.........             (no amulet)
HPRegen  0.14/turn              e - ring of protection from cold
MPRegen  0.10/turn              (no ring)

@: studying Axes, lightly drained
A: horns 3, slimy green scales 1
a: no special abilities


You were on level 5 of the Dungeon.
You visited 1 branch of the dungeon, and saw 5 of its levels.

You collected 130 gold pieces.

Inventory:

Hand Weapons
 a - a +0 quarterstaff (weapon)
Missiles
 b - 8 curare-tipped darts
 d - 5 throwing nets
 f - 5 javelins (quivered)
Armour
 n - a +3 leather armour (worn)
Jewellery
 e - a ring of protection from cold (left hand)
Wands
 s - a wand of flame (17)
Scrolls
 c - 2 scrolls of fear {unknown}
 g - a scroll of immolation {unknown}
 h - 3 scrolls of identify {unknown}
 k - a scroll of vulnerability {unknown}
 l - 4 scrolls of teleportation {unknown}
 q - a scroll of enchant weapon {unknown}
 t - a scroll of fog {unknown}
Potions
 i - 4 potions of curing {unknown}
 j - 2 potions of ambrosia {unknown}
 m - a potion of resistance {unknown}
 o - 2 potions of attraction {unknown}
 p - 2 potions of heal wounds {unknown}
 r - a potion of lignification {unknown}


   Skills:
 - Level 2.0 Fighting
 + Level 7.0 Staves
 - Level 1.7 Throwing
 - Level 2.6 Dodging


You had 5 spell levels left.
You didn't know any spells.
Your spell library contained the following spells:

 Spells                   Type           Power      Damage    Failure   Level
 Corona                   Hex            0%         N/A       43%         1
 Ensorcelled Hibernation  Hex/Ice        0%         N/A       56%         2
 Confusing Touch          Hex            0%         N/A       80%         3
 Dazzling Flash           Conj/Hex       0%         N/A       80%         3
 Gell's Gravitas          Tloc           0%         N/A       80%         3
 Tukima's Dance           Hex            0%         N/A       80%         3
 Petrify                  Tmut/Erth      0%         N/A       99%         4
 Metabolic Englaciation   Hex/Ice        0%         N/A       100%        5
 Yara's Violent Unravell  Hex/Tmut       0%         3d3       100%        5


Dungeon Overview and Level Annotations

Branches:
Dungeon (5/15)
 Temple: D:4-7

Altars:
Hepliaklqana
Okawaru
The Shining One


Innate Abilities, Weirdness & Mutations

You have a pair of large horns on your head.
You are partially covered in slimy green scales. (AC +2)


Message History

You destroy the centaur skeleton!
Your Staves skill increases to level 7!
No target in view!
h - 3 scrolls labelled OHUSTE GOAFOSS (gained 1)
p - 2 orange potions (gained 1)
Found a stone staircase leading down and a stone staircase leading up.
Found a stone staircase leading down. 2 gnolls come into view.
The gnoll shouts!
There are monsters nearby!
There are monsters nearby!
The gnoll shouts!
A gnoll comes into view. It is wielding a +1 flail of draining.
You start waiting.
A gnoll is nearby!
A dart slug comes into view.
The gnoll hits you but does no damage. The gnoll misses you.
The gnoll hits you with a +0 halberd. The gnoll hits you with a +0 spear.
The gnoll shouts!
You hit the gnoll.
The gnoll is lightly wounded.
The gnoll hits you with a +0 halberd. The gnoll hits you with a +0 spear.
You hit the gnoll but do no damage. You headbutt the gnoll.
The gnoll is heavily wounded.
The gnoll barely misses you. The gnoll completely misses you.
You hit the gnoll.
The gnoll is severely wounded.
The gnoll hits you with a +1 flail of draining!
You feel drained. The gnoll barely misses you.
The gnoll hits you but does no damage.
You are too injured to fight recklessly!
The gnoll barely misses you. The gnoll closely misses you.
The gnoll hits you with a +0 halberd!
The gnoll hits you from afar with a +0 halberd.
The gnoll hits you from afar with a +0 halberd.
* * * LOW HITPOINT WARNING * * *
The gnoll hits you from afar with a +0 halberd!
* * * LOW HITPOINT WARNING * * *
The gnoll hits you with a +1 flail of draining.
You die...

.#..#..#..#...## #..#
#..#..#..#..#.# #..####
......).......# ##..>.#
##....######..## #....## ..##..#
#...# #..##.## ......# ##..##
#..# #g.# ......#
#..g#####..##.......#
##....#######.gg.......##.......#
##.............@..<.......#.#..#
###...........######...#... >...#
#.....#####...# #. ##.. .#..#
......## ##..# # #.. .....
.##....# #..# #.. .. .. ####...#
#..# #...## #..# ##...# #..#
...... #...## .# #........


You could see 3 gnolls.

Vanquished Creatures
  A centaur (D:5)
  A hound (D:5)
  A centaur skeleton (D:5)
  A bullfrog skeleton (D:4)
  2 iguanas
  2 orc wizards (D:4)
  2 gnolls
  6 adders
  An adder skeleton (D:4)
  A worm (D:4)
  A dart slug (D:3)
  9 orcs
  4 endoplasms
  A giant cockroach (D:4)
  10 goblins
  9 hobgoblins
  7 jackals
  5 quokkas
  4 ball pythons
  2 bats (D:3)
  3 frilled lizards (D:1)
  5 kobolds
  6 rats
84 creatures vanquished.

Vanquished Creatures (others)
  A bush (D:5)
1 creature vanquished.

Grand Total: 85 creatures vanquished

Notes
Turn   | Place    | Note
-------+----------+-------------------------------------------
     0 | D:1      | siradein the Demonspawn Gladiator began the quest for the
                  | Orb.
     0 | D:1      | Reached XP level 1. HP: 16/16 MP: 1/1
   219 | D:1      | Reached skill level 3 in Staves
   552 | D:1      | Gained mutation: You have a pair of small horns on your
                  | head. [demonic ancestry]
   552 | D:1      | Reached XP level 2. HP: 18/22 MP: 2/2
  1257 | D:2      | Found a faded altar of an unknown god.
  1270 | D:2      | Gained mutation: You have a pair of horns on your head.
                  | [demonic ancestry]
  1270 | D:2      | Reached XP level 3. HP: 27/27 MP: 3/3
  1402 | D:2      | Reached skill level 4 in Staves
  2128 | D:3      | Noticed a gnoll sergeant
  2182 | D:3      | Gained mutation: You are partially covered in slimy green
                  | scales. (AC +2) [demonic ancestry]
  2182 | D:3      | Reached XP level 4. HP: 33/33 MP: 4/4
  2879 | D:3      | Reached skill level 5 in Staves
  3182 | D:4      | Found an iron altar of Okawaru.
  3224 | D:4      | Reached XP level 5. HP: 31/38 MP: 5/5
  4049 | D:4      | Reached skill level 6 in Staves
  4226 | D:4      | Found a hazy altar of Hepliaklqana.
  4504 | D:5      | Entered Level 5 of the Dungeon
  4508 | D:5      | Gained mutation: You have a pair of large horns on your
                  | head. [demonic ancestry]
  4508 | D:5      | Reached XP level 6. HP: 44/44 MP: 6/6
  4657 | D:5      | HP: 2/44 [centaur (5)]
  5421 | D:5      | Reached skill level 7 in Staves
  5598 | D:5      | Slain by a gnoll

Illustrated notes

Levels and vault maps discovered:
D:1:      minmay_arrival_solitary_statue, layout_loops_ring
D:2:      layout_rooms, basic_ecumenical_altar
D:3:      layout_loops_ring, minmay_goblin_outpost, uniq_crazy_yiuf_cottage
D:4:      layout_basic, old_standard_altar, tso_altar, kennysheep_mini_moat,
          grunt_ministairs_4
D:5:      layout_layer_cave, kb_lookout_dungeons_type,
          minmay_misc_feat_diagonals, st_stairs_14

Skill      XL: |  1  2  3  4  5  6 |
---------------+-------------------+-----
Staves         | 3 4 5 6 7 |  7.0
Fighting       | |  2.0
Throwing       | |  1.7
Dodging        | |  2.6

Action                   |  1- 3 |  4- 6 || total
-------------------------+-------+-------++-------
Melee: Quarterstaff      |    90 |   161 ||   251
       Headbutt          |    11 |    26 ||    37
 Stab: Sleeping          |     1 |       ||     1
Armor: Leather armour    |    20 |    66 ||    86
Dodge: Dodged            |    38 |   109 ||   147

Table legend: (Time is in decaauts)
 A = Elapsed time spent in this place.
 B = Non-inter-level travel time spent in this place.
 C = Inter-level travel time spent in this place.
 D = Time resting spent in this place.
 E = Time spent auto-exploring this place.
 F = Levels seen in this place.
 G = Mean time per level.
                   A        B        C        D        E       F      G
               +--------+--------+--------+--------+--------+-----+--------+
         Total |   5615 |   5565 |     50 |    688 |   4002 |   5 | 1123.0 |
       Dungeon |   5615 |   5565 |     50 |    688 |   4002 |   5 | 1123.0 |
               +--------+--------+--------+--------+--------+-----+--------+

Top non-repeatable levels by time:
     D:4: 1341 daAuts
     D:2: 1266 daAuts
     D:1: 1159 daAuts
     D:5: 1093 daAuts
     D:3: 755 daAuts
